 Dungeon Crawl Stone Soup version 0.26.1-11-gd32895ea62 (webtiles) character file.

Game seed: 1137168109196817065

41 CaptDreibein the Twirler (level 3, -5/27 HPs)
             Began as a Demonspawn Gladiator on June 7, 2021.
             Slain by a worm (11 damage)
             ... on level 2 of the Dungeon.
             The game lasted 00:02:30 (1649 turns).

CaptDreibein the Twirler (Demonspawn Gladiator)     Turns: 1649, Time: 00:02:31

Health: -5/27      AC:  4    Str: 15    XL:     3   Next: 32%
Magic:  3/3        EV: 13    Int:  9    God:
Gold:   150        SH:  0    Dex: 14    Spells: 2/2 levels left

rFire    + . .     SeeInvis .   a - +0 quarterstaff
rCold    . . .     Faith    .   (shield currently unavailable)
rNeg     . . .     Spirit   .   b - +0 leather armour
rPois    .         Reflect  .   c - +0 helmet
rElec    .         Harm     .   (no cloak)
rCorr    .         Rampage  .   (no gloves)
Will     .....                  (no boots)
Stlth    +.........             (no amulet)
HPRegen  0.09/turn              (no ring)
MPRegen  0.08/turn              (no ring)

@: no status effects
A: fire resistance 1
a: no special abilities


You were on level 2 of the Dungeon.
You visited 1 branch of the dungeon, and saw 3 of its levels.

You collected 150 gold pieces.

Inventory:

Hand Weapons
 a - a +0 quarterstaff (weapon)
Missiles
 d - 2 throwing nets (quivered)
Armour
 b - a +0 leather armour (worn)
 c - a +0 helmet (worn)
Scrolls
 e - 2 scrolls of amnesia {unknown}
 f - a scroll of identify {unknown}
 i - a scroll of remove curse {unknown}
 j - a scroll of blinking {unknown}
 k - 2 scrolls of fog {unknown}
 l - a scroll of random uselessness {unknown}
Potions
 g - a potion of mutation {unknown}
 h - a potion of might {unknown}


   Skills:
 + Level 2.2 Fighting
 + Level 3.2 Staves
 + Level 2.0 Throwing
 + Level 0.6 Armour
 + Level 3.1 Dodging


You had 2 spell levels left.
You didn't know any spells.
Your spell library was empty.

Dungeon Overview and Level Annotations

Branches:
Dungeon (3/15)

Altars:
Hepliaklqana

Annotations:
D:3 1 runed translucent door


Innate Abilities, Weirdness & Mutations

Your flesh is heat resistant. (rF+)


Message History

The kobold is moderately wounded.
The kobold hits you but does no damage.
You hit the kobold but do no damage.
The kobold is moderately wounded.
The kobold barely misses you.
You hit the kobold.
You kill the kobold!
The worm bites you.
Things that are here:
a cursed -3 dagger; a kobold corpse You hit the worm.
The worm is lightly wounded.
The worm bites you!
* * * LOW HITPOINT WARNING * * *
You hit the worm.
The worm is lightly wounded.
You hit the worm.
The worm is moderately wounded.
The worm bites you!
You die...

#.# #)#.# . #.# #.#.# #. ##
#.# #.#.# #.#$## #.# ##.#.#
#..... #.# ##....#
###....###.# #..#..#
...........## #....##
....>.)>.(.w# #.#.##
####..#####@# #.#.# #. ##.#
#.#.# # ##..# ##.#.#
##.#.###....###
#.###.###.†..#.#..#
#......#..##....#.#
##########...###.#.#.####
.............###.#......###
##########.†..............#


You could see a worm.

Vanquished Creatures
  An adder (D:2)
  2 dart slugs (D:1)
  A leopard gecko (D:1)
  2 giant cockroaches
  A goblin (D:2)
  5 hobgoblins
  4 jackals (D:2)
  4 bats
  A frilled lizard (D:1)
  3 kobolds
  2 rats
26 creatures vanquished.

Notes
Turn   | Place    | Note
-------+----------+-------------------------------------------
     0 | D:1      | CaptDreibein the Demonspawn Gladiator began the quest for
                  | the Orb.
     0 | D:1      | Reached XP level 1. HP: 16/16 MP: 1/1
   569 | D:1      | Gained mutation: Your flesh is heat resistant. (rF+)
                  | [demonic ancestry]
   569 | D:1      | Reached XP level 2. HP: 22/22 MP: 2/2
  1452 | D:2      | Found a hazy altar of Hepliaklqana.
  1504 | D:2      | Reached XP level 3. HP: 27/27 MP: 3/3
  1628 | D:3      | Found a runed translucent gate.
  1649 | D:2      | Slain by a worm

Illustrated notes

Levels and vault maps discovered:
D:1:      amcnicky_arrival_underground_garden, layout_basic
D:2:      layout_loops_ring, marbit_many_paths, amethyst_overflow_temple_binary,
          trog_three_pillars_becter
D:3:      layout_basic, lemuel_doored_altar, lemuel_crystal_altar,
          gammafunk_ghost_cemetery

Skill      XL: |  1  2 |
---------------+-------+-----
Staves         | 3 |  3.2
Throwing       | 2 |  2.0
Dodging        | 3 |  3.1
Fighting       | |  2.2
Armour         | |  0.6

Action                   || total
-------------------------++-------
Melee: Quarterstaff      ||    97
Throw: Throwing net      ||     1
Armor: Leather armour    ||    22
Dodge: Dodged            ||    83
